AoeStats
← dashuaibi

Nomad

510087873Analyzed
4v4 RM · 3d ago on Sep 29, 2026· 60m 36s· 8 players
Game mode
Random Map
Map size
231×231
Population
200
Speed
Normal
Resources
Standard
Victory
Conquest
Starting age
Dark Age
Ending age
Imperial Age
RankedLock teamsTeams togetherTeam positionsShared explorationLock speedFull tech treeHidden civsTurbo modeCheats
Victory
Defeat
🇨🇳 Varangians · China
1349
+13
🇨🇳 Mongols · China
1343
+13
🇨🇳 Vietnamese · China
1214
+19
🇺🇿 Italians · Uzbekistan
1204
+19
🇬🇧 Varangians · United Kingdom
1368
-20
🇩🇪 Georgians · Germany
1307
-17
🇫🇷 Hindustanis · France
1240
-14
🇮🇱 Japanese · Israel
1208
-13
Finn4n
4:01 Loom
15:00 Feudal Age
18:55 Castle Age
22:04 Horse Collar
22:12 Double-Bit Axe
22:57 Gold Mining
22:59 Stone Mining
23:13 Heavy Plow
23:48 Bow Saw
26:37 Stone Shaft Mining
27:35 Wheelbarrow
27:21 Guard Tower
27:47 Svan Towers
28:40 Ballistics
28:33 Fletching
33:36 Gold Mining
34:32 Forging
34:28 Scale Barding Armor
34:51 Town Watch
35:57 Bloodlines
35:53 Husbandry
36:41 Hand Cart
40:16 Imperial Age
39:51 Chain Barding Armor
41:07 Elite Monaspa
42:23 Iron Casting
43:55 Keep
44:21 Chemistry
44:06 Plate Barding Armor
44:26 Town Patrol
45:58 Blast Furnace
Kim jong-un
15:27 Feudal Age
14:57 Loom
15:54 Double-Bit Axe
16:04 Gold Mining
22:06 Castle Age
20:56 Bloodlines
20:53 Town Watch
21:05 Fishing Lines
22:35 Demolition Ship
23:34 Medium Warships
23:50 Bow Saw
24:31 Gold Shaft Mining
24:03 Horse Collar
25:17 Scale Barding Armor
26:04 Husbandry
26:27 Gillnets
27:54 Wheelbarrow
28:24 Chain Barding Armor
29:05 Forging
35:08 Imperial Age
33:55 Stone Mining
35:02 Iron Casting
35:30 Heavy Camel Rider
37:58 Two-Man Saw
39:19 Heavy Warships
40:38 Heavy Plow
41:09 Conscription
41:47 Clinker Construction
Mike
5:20 Loom
15:11 Feudal Age
16:05 Double-Bit Axe
21:49 Castle Age
20:56 Horse Collar
22:41 Medium Warships
24:12 Bow Saw
24:36 Heavy Plow
24:38 Fletching
24:48 Padded Archer Armor
24:36 Crossbowman
25:22 Thumb Ring
26:40 Wheelbarrow
27:44 Careening
27:51 Clinker Construction
32:18 Gold Mining
33:35 Stone Mining
34:47 Gold Shaft Mining
34:57 Ballistics
34:37 Bodkin Arrow
36:54 Ballistics
40:35 Imperial Age
42:52 Leather Archer Armor
45:22 Imperial Age
45:48 Yasama
46:06 Bracer
46:38 Ring Archer Armor
Ham Shank
3:51 Loom
13:48 Feudal Age
14:13 Double-Bit Axe
15:24 Town Watch
17:48 Castle Age
16:45 Stone Mining
16:45 Fishing Lines
17:17 Fletching
18:51 Bodkin Arrow
21:00 Bow Saw
21:58 Gold Mining
23:39 Scale Barding Armor
26:02 Wheelbarrow
26:05 Bloodlines
28:40 Chain Barding Armor
29:14 Elite Skirmisher
30:20 Ballistics
30:50 Forging
36:29 Imperial Age
36:36 Horse Collar
38:00 Bracer
38:50 Conscription
43:42 Hand Cart
45:29 Husbandry
45:04 Elite Jarl
47:22 Plate Barding Armor
48:53 Chemistry
53:11 Iron Casting
56:03 Blast Furnace
karbid
2:56 Loom
15:02 Feudal Age
18:43 Castle Age
20:38 Town Watch
24:48 Imperial Age
28:32 Imperial Age
27:45 Wheelbarrow
29:56 Ballistics
29:52 Double-Bit Axe
31:42 Chemistry
34:40 Horse Collar
35:54 Fletching
39:33 Bodkin Arrow
42:44 Bracer
51:52 Masonry
52:02 Padded Archer Armor
52:00 Murder Holes
52:30 Hand Cart
52:48 Heavy Plow
53:01 Bow Saw
53:23 Architecture
52:27 Elite Genoese Crossbowman
54:35 Leather Archer Armor
56:01 Hoardings
57:24 Conscription
60:59 Crop Rotation
61:33 Two-Man Saw
dashuaibi
4:34 Loom
14:23 Feudal Age
18:34 Castle Age
17:16 Double-Bit Axe
17:26 Gold Mining
18:25 Fletching
25:23 Bodkin Arrow
25:54 Padded Archer Armor
29:55 Bow Saw
30:58 Leather Archer Armor
30:49 Scale Barding Armor
31:08 Ballistics
46:28 Wheelbarrow
45:49 Horse Collar
48:14 Heavy Plow
54:37 Imperial Age
53:47 Gold Shaft Mining
53:02 Stone Mining
54:49 Hand Cart
54:20 Town Watch
55:46 Stone Shaft Mining
54:40 Elite Mangudai
55:42 Conscription
57:30 Bracer
57:50 Chain Barding Armor
57:45 Bloodlines
57:36 Husbandry
59:17 Chemistry
58:25 Thumb Ring
59:25 Parthian Tactics
白鹿城拉车车
8:26 Loom
14:08 Feudal Age
18:32 Castle Age
17:53 Double-Bit Axe
17:50 Fishing Lines
19:23 Bow Saw
19:26 Gillnets
20:39 Wheelbarrow
19:59 Gold Mining
21:13 Fletching
21:56 Stone Mining
22:11 Bodkin Arrow
22:55 Hand Cart
26:03 Ballistics
27:21 Town Watch
31:40 Horse Collar
32:19 Town Patrol
32:42 Heavy Plow
36:33 Imperial Age
35:03 Stone Shaft Mining
35:13 Forging
35:09 Scale Barding Armor
34:58 Treadmill Crane
37:05 Iron Casting
36:44 Bloodlines
36:34 Husbandry
37:28 Chain Barding Armor
37:40 Conscription
36:41 Elite Jarl
38:42 Two-Man Saw
38:15 Crop Rotation
39:26 Blast Furnace
39:18 Bracer
40:44 Siege Engineers
40:36 Murder Holes
41:43 Chemistry
42:33 Plate Barding Armor
48:02 Vendel Legacy
60:25 Spies/Treason
_OMO_
6:01 Loom
14:24 Feudal Age
14:52 Double-Bit Axe
15:54 Fishing Lines
18:27 Castle Age
19:40 Bow Saw
19:23 Gillnets
20:57 Fletching
21:22 Gold Mining
21:24 Stone Mining
22:08 Padded Archer Armor
21:58 Horse Collar
27:07 Wheelbarrow
27:13 Bodkin Arrow
29:10 Ballistics
30:16 Leather Archer Armor
30:38 Hand Cart
34:22 Imperial Age
32:08 Pikeman
32:49 Squires
36:11 Chemistry
34:54 Treadmill Crane
34:37 Elite Rattan Archer
36:18 Two-Man Saw
35:20 Bracer
35:51 Ring Archer Armor
35:31 Thumb Ring
37:36 Arson
37:16 Halberdier
37:58 Scale Mail Armor
38:09 Forging
41:12 Coinage
40:53 Guilds
42:38 Stone Shaft Mining
42:25 Paper Money
42:34 Heavy Plow
43:23 Banking
46:04 Chain Mail Armor
46:24 Iron Casting
45:58 Siege Engineers
46:15 Bombard Tower
46:37 Crop Rotation
47:50 Clinker Construction
47:51 Careening
47:53 Fortified Wall
47:39 Murder Holes
47:36 Heated Shot
47:56 Masonry
47:38 Guard Tower
47:33 Arrowslits
48:21 Plate Mail Armor
47:56 Scale Barding Armor
47:15 Man-at-Arms
47:16 Elite Fire Lancer
47:20 Heavy Cavalry Archer
47:20 Elite Skirmisher
47:21 Crossbowman
50:28 Chain Barding Armor
49:31 Long Swordsman
53:45 Arbalester
53:46 Imperial Skirmisher
53:50 Two-Handed Swordsman
55:08 Plate Barding Armor
54:36 Chatras
54:59 Carvel Hull
55:00 Dry Dock
55:16 Keep
Connection lost

Rejoining the realm…

Still unreachable

The connection could not be restored.

Session expired

The server has moved on; the page needs a fresh start.